 Dungeon Crawl Stone Soup version 0.32-a0-22-g6ae6769602 (webtiles) character file.

Game seed: 6293247566043983469

15637 Essalna the Geomancer (level 12, -12/76 HPs)
             Began as a Gargoyle Earth Elementalist on Jan 18, 2024.
             Was a Priest of Vehumet.
             Killed from afar by a gargoyle (24 damage)
             ... with a stone arrow
             ... on level 11 of the Dungeon.
             The game lasted 00:29:04 (12498 turns).

Essalna the Geomancer (GrEE)                       Turns: 12498, Time: 00:29:05

Health: -12/76     AC: 15    Str: 13    XL:     12   Next: 29%
Magic:  11/18      EV: 13    Int: 20    God:    Vehumet [***...]
Gold:   515        SH:  0    Dex: 10    Spells: 2/19 levels left

rFire   . . .        w - +7 Throatcutter {drain, coup de grace}
rCold   . . .        (no shield)
rNeg    + . .        E - +0 steam dragon scales
rPois   ∞            (no helmet)
rElec   +            (no cloak)
rCorr   .            (no gloves)
SInv    .            (no boots)
Will    +....        M - amulet of regeneration
Stlth   ++           N - ring of willpower
HPRegen 1.12/turn    (no ring)
MPRegen 0.16/turn

%: no passive effects
@: no status effects
A: sickness immunity, AC +8, negative energy resistance 1, electricity
resistance, torment resistance 1, petrification resistance
a: Renounce Religion


You were on level 11 of the Dungeon.
You worshipped Vehumet.
Vehumet was most pleased with you.
You visited 2 branches of the dungeon, and saw 12 of its levels.
You also visited: Sewer and Gauntlet.

You collected 515 gold pieces.

Inventory:

Hand Weapons
 g - a +0 long sword
 p - a +0 short sword of venom
 w - the +7 Throatcutter (weapon) {drain, coup de grace}
   (You found it on level 4 of the Dungeon)
 y - the +6 trident "Fuengux" {heavy, rF+ Int+3 Dex+6}
   (You found it in a Gauntlet)

   Int+3:     It affects your intelligence (+3).
   Dex+6:     It affects your dexterity (+6).
   rF+:       It protects you from fire.
Armour
 a - a +0 robe
 c - a +1 pair of gloves of strength
 E - +0 steam dragon scales (worn)
 I - a +2 robe of cold resistance
 O - a +1 tower shield of reflection
Jewellery
 i - a ring of flight
 M - an amulet of regeneration (around neck)
 N - a ring of willpower (left hand)
Wands
 h - a wand of polymorph (16)
 B - a wand of acid (19)
 C - a wand of iceblast (20)
 F - a wand of flame (16)
 H - a wand of mindburst (15)
 P - a wand of paralysis (6)
Scrolls
 e - 4 scrolls of enchant weapon {unknown}
 f - a scroll of vulnerability {unknown}
 j - 2 scrolls of fear {unknown}
 k - 2 scrolls of poison {unknown}
 m - 8 scrolls of blinking {unknown}
 n - a scroll of fog
 r - 2 scrolls of summoning {unknown}
 s - 3 scrolls of immolation {unknown}
 t - 8 scrolls of identify
 u - a scroll of noise {unknown}
 v - 3 scrolls of amnesia {unknown}
 x - 4 scrolls of teleportation {unknown}
 D - a scroll of brand weapon
Potions
 b - 3 potions of magic
 d - a potion of invisibility {unknown}
 l - 2 potions of haste
 o - a potion of attraction
 q - 3 potions of mutation
 z - a potion of enlightenment {unknown}
 A - 4 potions of heal wounds
 G - 2 potions of might {unknown}
 J - a potion of brilliance {unknown}
 K - 2 potions of lignification {unknown}
 L - 4 potions of degeneration
Miscellaneous
 Q - a condenser vane


   Skills:
 + Level 9.3 Fighting
 - Level 4.0 Long Blades
 - Level 8.0 Armour
 - Level 5.0 Dodging
 - Level 2.1 Stealth
 - Level 4.0 Spellcasting
 + Level 9.3 Conjurations
 + Level 5.4 Fire Magic
 + Level 10.7 Earth Magic
 - Level 4.0 Alchemy


You had 2 spell levels left.
You knew the following spells:

 Your Spells              Type           Power      Damage    Failure   Level
a - Sandblast             Erth           92%        2d19      1%          1
b - Stone Arrow           Conj/Erth      88%        3d12      1%          3
c - Irradiate             Conj/Alch      15%        3d16      7%          5
d - Ignition              Fire           12%        3d6       100%        8

Your spell library contained the following spells:

 Spells                   Type           Power      Damage    Failure   Level
 Volatile Blastmotes      Fire/Tloc      28%        2d12      3%          3
 Call Imp                 Summ           8%         N/A       19%         2
 Ensorcelled Hibernation  Hex/Ice        8%         N/A       19%         2
 Lesser Beckoning         Tloc           8%         N/A       19%         2
 Passwall                 Erth           46%        N/A       1%          3
 Brom's Barrelling Bould  Conj/Erth      44%        2d6       1%          4
 Inner Flame              Hex/Fire       14%        N/A       3%          3
 Petrify                  Alch/Erth      33%        N/A       6%          4
 Animate Armour           Summ/Erth      50%        N/A       14%         4
 Fugue of the Fallen      Necr           4%         N/A       36%         3
 Gell's Gravitas          Tloc           4%         N/A       36%         3
 Ozocubu's Armour         Ice            4%         N/A       36%         3
 Teleport Other           Tloc           4%         N/A       36%         3
 Anguish                  Hex/Necr       2%         N/A       77%         4
 Metabolic Englaciation   Hex/Ice        2%         N/A       98%         5
 Sculpt Simulacrum        Ice/Alch       6%         N/A       100%        6
 Summon Hydra             Summ           2%         N/A       100%        7
 Sublimation of Blood     Necr           Unusable   N/A       N/A         2

Dungeon Overview and Level Annotations

Branches:
Dungeon (11/15)            Temple (1/1) D:6            Lair (0/5) D:10
  Sewer (visited)         Gauntlet (visited)
    Orc: D:9-12

Altars:
Ashenzari
Cheibriados
Dithmenos
Elyvilon
Fedhas
Gozag
Hepliaklqana
Kikubaaqudgha
Makhleb
Nemelex Xobeh
Okawaru
Qazlal
Ru
Sif Muna
Trog
Uskayaw
Vehumet
Wu Jian
Xom
Yredelemnul
Zin
The Shining One

Annotations:
D:3 1 runed translucent door, niknal's ghost, amateur TrSu
D:8 Joseph
D:9 1 runed translucent door, chuckiee3's ghost, novice MiFi


Innate Abilities, Weirdness & Mutations

You are immune to sickness and miasma.
Your stone body is resilient. (AC +8)
You are immune to poison.
You resist negative energy. (rN+)
You are resistant to electric shocks. (rElec)
You are resistant to unholy torment.
You are immune to petrification.


Message History

The gargoyle hits you with a +0 flail!
Hit: w) +7 Throatcutter {drain, coup de grace}
Press: ? - help, Dir - move target, f/p - gargoyle
Aim: a gargoyle, wielding a +0 flail (about 20% to evade the +7 Throatcutter)
You hit the gargoyle but do no damage. The gargoyle hits you with a +0 flail!
* * * LOW HITPOINT WARNING * * *
Hit: w) +7 Throatcutter {drain, coup de grace}
Press: ? - help, Dir - move target, f/p - gargoyle
Aim: a gargoyle, wielding a +0 flail (about 20% to evade the +7 Throatcutter)
You hit the gargoyle but do no damage. The gargoyle barely misses you.
The gargoyle misses you.
Hit: w) +7 Throatcutter {drain, coup de grace}
Press: ? - help, Dir - move target, f/p - gargoyle
Aim: a gargoyle, wielding a +0 flail (about 20% to evade the +7 Throatcutter)
You barely miss the gargoyle. The gargoyle closely misses you.
Hit: w) +7 Throatcutter {drain, coup de grace}
Press: ? - help, Dir - move target, f/p - gargoyle
Aim: a gargoyle, wielding a +0 flail (about 20% to evade the +7 Throatcutter)
You hit the gargoyle.
The gargoyle is lightly damaged.
The gargoyle hits you with a +0 flail.
Casting: Stone Arrow (safe; 1% risk of failure)
Confirm with . or Enter, or press ? or * to list all spells.
Aiming: Stone Arrow (safe; 1% risk of failure)
Press: ? - help, Shift-Dir - straight line, f/p - gargoyle
Aim: a gargoyle, wielding a +0 flail (lightly damaged, 89% to hit)
The stone arrow misses the gargoyle.
The gargoyle hurls a stone arrow at you.
The stone arrow hits you!
* * * LOW HITPOINT WARNING * * *
Casting: Stone Arrow (safe; 1% risk of failure)
Confirm with . or Enter, or press ? or * to list all spells.
Aiming: Stone Arrow (safe; 1% risk of failure)
Press: ? - help, Shift-Dir - straight line, f/p - gargoyle
Aim: a gargoyle, wielding a +0 flail (lightly damaged, 89% to hit)
The stone arrow hits the gargoyle!
The gargoyle is severely damaged.
The gargoyle hurls a stone arrow at you.
The stone arrow hits you!!
You die...

*,,,,,,,,,,,,,,,,,,**,*
#............,,,,,,,,,,
#...........#*,*,*,,,,.
#.........#.#*,,,####..
*........##.#**#.#.....
**#...*#..#.####.#.....
#...##.........#.....
#..9.#.........#.....
#...@................
#...####....##.....(.
#...* ####..#..####.
#...* ##....#.......
#...* *#..........###
####* #............#
#............#
#............#
##..........##


You could see a gargoyle.

Vanquished Creatures
  A minotaur (Gauntlet)
  4 two-headed ogres
  A necromancer (Gauntlet)
  A cyclops (D:11)
  A manticore (D:7)
  A moth of wrath (Gauntlet)
  Maggie (D:6)
  A kobold demonologist (D:9)
  A wolf spider simulacrum (Gauntlet)
  A hornet (D:10)
  2 centaur simulacra (Gauntlet)
  3 shadows
  4 wyverns
  A vampire (D:8)
  2 wraiths
  18 yaks
  A fire bat (D:5)
  Eustachio (D:6)
  3 basilisks
  A steam dragon (D:9)
  A hydra simulacrum (Gauntlet)
  3 water moccasins
  3 ice beasts
  4 orc warriors
  2 sky beasts
  2 black bears
  2 ogres (D:5)
  3 wolves (Gauntlet)
  3 centaurs
  2 phantoms
  6 kobold brigands
  2 bullfrogs
  3 scorpions
  10 wights (D:7)
  4 killer bees (D:9)
  3 electric eels (D:10)
  2 howler monkeys (D:8)
  2 bombardier beetles
  3 hounds
  10 orc priests
  5 iguanas
  A sleepcap (D:5)
  Ijyb (D:5)
  11 orc wizards
  11 adders
  A river rat (Sewer)
  2 shadow imps
  A white imp (D:6)
  4 ufetubi (D:5)
  3 dart slugs
  4 ribbon worms (Sewer)
  21 orcs
  12 endoplasms
  4 giant cockroaches
  9 hobgoblins
  5 jackals
  30 kobolds
  7 quokkas
  4 ball pythons
  4 bats
  2 frilled lizards
  5 goblins
  4 rats
270 creatures vanquished.

Vanquished Creatures (others)
  A kobold (D:10)
1 creature vanquished.

Grand Total: 271 creatures vanquished

Notes
Turn   | Place    | Note
-------+----------+-------------------------------------------
     0 | D:1      | Essalna the Gargoyle Earth Elementalist began the quest for
                  | the Orb.
     0 | D:1      | Reached XP level 1. HP: 10/10 MP: 3/3
   190 | D:1      | Reached XP level 2. HP: 16/16 MP: 3/5
   294 | D:1      | Found a faded altar of an unknown god.
   757 | D:1      | Reached XP level 3. HP: 20/20 MP: 4/6
  1005 | D:2      | Reached skill level 1 in Fighting
  1005 | D:2      | Reached skill level 1 in Armour
  1025 | D:2      | Reached skill level 4 in Earth Magic
  1701 | D:3      | Reached XP level 4. HP: 25/25 MP: 1/7
  1955 | D:3      | Found a runed translucent door.
  2416 | D:3      | Noticed niknal's ghost (amateur TrSu)
  2458 | D:4      | Learned a level 3 spell: Stone Arrow
  2482 | D:4      | Reached XP level 5. HP: 30/30 MP: 5/8
  2844 | D:4      | Noticed a sky beast
  2865 | D:4      | Killed a sky beast
  2866 | D:4      | Reached XP level 6. HP: 6/36 MP: 3/10
  3311 | D:4      | Reached skill level 5 in Earth Magic
  3316 | D:4      | Reached XP level 7. HP: 39/40 MP: 6/11
  3564 | D:4      | Found the +7 Throatcutter {drain, coup de grace}
  3700 | D:5      | Entered Level 5 of the Dungeon
  3701 | D:5      | Noticed Ijyb
  3774 | D:5      | Found a glowing drain.
  3789 | Sewer    | Entered a sewer
  4386 | D:5      | Reached XP level 8. HP: 29/47 MP: 6/13
  4410 | D:5      | Learned a level 5 spell: Irradiate
  4577 | D:5      | Killed Ijyb
  4759 | D:5      | Reached skill level 6 in Earth Magic
  4759 | D:5      | Reached skill level 1 in Alchemy
  5305 | D:5      | Found a shimmering altar of Xom.
  5529 | D:6      | Noticed Maggie
  5652 | D:6      | Reached XP level 9. HP: 52/52 MP: 10/15
  5664 | D:6      | Killed Maggie
  5665 | D:6      | Reached skill level 5 in Fighting
  5665 | D:6      | Reached skill level 5 in Armour
  5665 | D:6      | Reached skill level 5 in Conjurations
  6072 | D:6      | Noticed Eustachio
  6084 | D:6      | Killed Eustachio
  6341 | D:6      | Found a staircase to the Ecumenical Temple.
  6353 | Temple   | Entered the Ecumenical Temple
  6388 | Temple   | Became a worshipper of Vehumet
  6419 | D:6      | Reached skill level 7 in Earth Magic
  6844 | D:7      | Noticed a manticore
  6851 | D:7      | Killed a manticore
  7059 | D:7      | Reached skill level 1 in Long Blades
  7207 | D:7      | Got the Codex of Petrified Execration
  7240 | D:7      | Reached XP level 10. HP: 44/60 MP: 11/16
  7552 | D:7      | Reached skill level 5 in Dodging
  8146 | D:8      | Found a bloodstained altar of Trog.
  8160 | D:8      | Noticed a two-headed ogre
  8165 | D:8      | Killed a two-headed ogre
  8166 | D:8      | Reached skill level 8 in Earth Magic
  8683 | D:8      | Learned a level 8 spell: Ignition
  8822 | D:9      | Noticed Joseph
  8937 | D:8      | Reached * piety under Vehumet
  8937 | D:8      | Offered knowledge of Sting by Vehumet.
  9129 | D:9      | Reached skill level 1 in Fire Magic
  9532 | D:9      | Reached XP level 11. HP: 65/67 MP: 17/17
  9583 | D:10     | Entered Level 10 of the Dungeon
  9681 | D:10     | Reached skill level 9 in Earth Magic
  9760 | D:10     | Found a staircase to the Lair.
  9770 | D:10     | Offered knowledge of Magic Dart by Vehumet.
  9961 | D:10     | Reached ** piety under Vehumet
 10541 | D:10     | Noticed a two-headed ogre
 10547 | D:10     | Killed a two-headed ogre
 10918 | D:9      | Found a runed translucent door.
 10918 | D:9      | Found a shimmering altar of Xom.
 10918 | D:9      | Noticed a +1 rapier of chaos
 10918 | D:9      | Noticed chuckiee3's ghost (novice MiFi)
 11361 | D:10     | Noticed a two-headed ogre
 11371 | D:10     | Offered knowledge of Volatile Blastmotes by Vehumet.
 11376 | D:10     | Killed a two-headed ogre
 11518 | D:10     | Reached skill level 10 in Earth Magic
 11547 | D:10     | Reached *** piety under Vehumet
 11586 | D:11     | Noticed a two-headed ogre
 11594 | D:11     | Killed a two-headed ogre
 11606 | D:11     | Noticed a cyclops
 11612 | D:11     | Killed a cyclops
 11613 | D:11     | Reached XP level 12. HP: 31/75 MP: 10/18
 11624 | D:11     | Found a gate leading to a gauntlet.
 11633 | Gauntlet | Entered a Gauntlet
 11633 | Gauntlet | Found a transporter.
 11633 | Gauntlet | Found a transporter.
 11782 | Gauntlet | Found a transporter.
 11786 | Gauntlet | Found a transporter.
 11791 | Gauntlet | Noticed a death yak
 11792 | Gauntlet | Noticed a death yak
 11792 | Gauntlet | Noticed a death yak
 11793 | Gauntlet | Noticed a death yak
 11793 | Gauntlet | Noticed a death yak
 11796 | Gauntlet | Found a transporter.
 11800 | Gauntlet | Found a transporter.
 11810 | Gauntlet | Noticed a dire elephant
 11815 | Gauntlet | Found a transporter.
 11831 | Gauntlet | Found a transporter.
 11833 | Gauntlet | Noticed a death yak
 11833 | Gauntlet | Noticed a death yak
 11834 | Gauntlet | Noticed a death yak
 11837 | Gauntlet | Found a transporter.
 11854 | Gauntlet | Found a transporter.
 11854 | Gauntlet | Found a transporter.
 11900 | Gauntlet | Found a transporter.
 12095 | Gauntlet | Identified the +6 trident "Fuengux" {heavy, rF+ Int+3
                  | Dex+6}
 12223 | Gauntlet | Reached skill level 5 in Fire Magic
 12354 | Gauntlet | Identified the ring "Xotusm" {rPois rC+ Dex-5 Stlth+}
 12450 | Gauntlet | Noticed a minotaur
 12464 | Gauntlet | Killed a minotaur
 12498 | D:11     | Killed from afar by a gargoyle

Illustrated notes

Levels and vault maps discovered:
D:1:      lightli_arrival_noodles, layout_loops_ring,
          ebering_ecumenical_altar_mist
D:2:      layout_basic
D:3:      layout_loops_ring, ebering_ghost_reflecting_pool
D:4:      layout_loops_ring, dilly_guarded_unrand_throatcut
D:5:      layout_loops_ring, regret_index_xom_of_box, gup_sewer_entry_pipe,
          kb_lookout_dungeons_type, minmay_stone_trees_large, uniq_ijyb
D:6:      layout_loops_cross, minmay_temple_entry_large_hall, uniq_maggie,
          uniq_eustachio
D:7:      layout_gridville, minmay_misc_feat_cross, small_statue_intersection
D:8:      layout_rooms, bloody_trog, supply_closet_lemuel
D:9:      layout_big_octagon, ebering_ghost_xom, uniq_joseph
D:10:     layout_basic, minmay_lair_entry_grove, erik_orc_1
D:11:     layout_rooms, gauntlet_entry_generic
Temple:   nicolae_temple_slightly_damp_pantheon

Skill      XL: |  1  2  3  4  5  6  7  8  9 10 11 12 |
---------------+-------------------------------------+-----
Fighting       | 1 2 3 4 5 7 8 9 |  9.3
Armour         | 1 2 3 4 5 7 8 |  8.0
Earth Magic    | 4 5 6 7 8 10 | 10.7
Dodging        | 2 3 4 5 |  5.0
Conjurations   | 2 3 4 5 7 8 9 |  9.3
Spellcasting   | 3 4 |  4.0
Alchemy        | 1 3 4 |  4.0
Long Blades    | 1 3 4 |  4.0
Fire Magic     | 1 4 5 |  5.4
Stealth        | |  2.1

Action                     |  1- 3 |  4- 6 |  7- 9 | 10-12 || total
---------------------------+-------+-------+-------+-------++-------
  Melee: Long sword        |     6 |     3 |    52 |   176 ||   237
         Short sword       |       |    11 |       |       ||    11
         Punch             |       |       |     1 |     3 ||     4
   Cast: Sandblast         |    50 |    70 |   171 |   161 ||   452
         Stone Arrow       |       |       |     2 |    54 ||    56
    Use: Scroll            |       |     8 |     1 |     3 ||    12
         Potion            |       |       |     2 |     6 ||     8
   Stab: Sleeping          |       |       |     1 |       ||     1
 Armour: Robe              |    13 |    35 |    69 |       ||   117
         Steam dragon scal |       |       |    38 |   317 ||   355
  Dodge: Dodged            |    13 |    23 |   122 |   280 ||   438

Table legend: (Time is in decaauts)
 A = Elapsed time spent in this place.
 B = Non-inter-level travel time spent in this place.
 C = Inter-level travel time spent in this place.
 D = Time resting spent in this place.
 E = Time spent auto-exploring this place.
 F = Levels seen in this place.
 G = Mean time per level.
                   A        B        C        D        E       F      G
               +--------+--------+--------+--------+--------+-----+--------+
         Total |  12830 |  12299 |    531 |    524 |   9334 |  14 |  916.4 |
       Dungeon |  11514 |  11028 |    486 |    470 |   8562 |  11 | 1046.7 |
        Temple |     56 |     11 |     45 |      0 |      9 |   1 |   56.0 |
         Sewer |    426 |    426 |      0 |      0 |    292 |   1 |  426.0 |
      Gauntlet |    832 |    832 |      0 |     54 |    469 |   1 |  832.0 |
               +--------+--------+--------+--------+--------+-----+--------+

Top non-repeatable levels by time:
    D:10: 1532 daAuts
     D:7: 1498 daAuts
     D:5: 1477 daAuts
     D:4: 1343 daAuts
     D:6: 1213 daAuts
     D:8: 991 daAuts
     D:1: 936 daAuts
     D:9: 906 daAuts
     D:3: 869 daAuts
Gauntlet: 832 daAuts
     D:2: 669 daAuts
   Sewer: 426 daAuts
    D:11: 75 daAuts
  Temple: 56 daAuts
